ACL
ACL KANSAS CITY ROYALS @ ACL NEW YORK (N) METS
05/06/2042
 
TOP OF THE 1ST
ACL Kansas City Royals batting - Pitching for ACL New York (N) Mets : RHP Jim Unknown
Pitching: RHP Jim Unknown
Batting: RHB Tacito Lombardo 0-0: Swinging Strike
0-1: Ball
1-1: Bunt for hit to 13 - play at first, batter OUT! 1-3
Batting: RHB Mike Pruitt 0-0: Ball
1-0: SOLO HOME RUN (Flyball, 8RXD, EV 111.9 MPH), Distance : 450 ft
Batting: RHB Dave Hewitt 0-0: Called Strike
0-1: Called Strike
0-2: Strikes out swinging
Batting: LHB Cal Miner 0-0: Swinging Strike
0-1: Swinging Strike
0-2: Ball
1-2: Foul Ball, location: 23F
1-2: Ball
2-2: Foul Ball, location: 3SF
2-2: Foul Ball, location: 3F
2-2: Foul Ball, location: 2F
2-2: Foul Ball, location: 2F
2-2: Strikes out swinging
Top of the 1st over - 1 run, 1 hit, 0 errors, 0 left on base; ACL Kansas City 1 - ACL New York (N) 0
BOTTOM OF THE 1ST
ACL New York (N) Mets batting - Pitching for ACL Kansas City Royals : LHP Luis López
Pitching: LHP Luis López
Batting: RHB Jim Unknown 0-0: Ball
1-0: Ball
2-0: Called Strike
2-1: DOUBLE (Flyball, 8RXD, EV 106.3 MPH)
Batting: RHB Jim Unknown 0-0: Ball
1-0: Ball
2-0: Ground out 1-3 (Groundball, 34S, EV 66.9 MPH)
Batting: RHB Andy Wooten 0-0: Called Strike
0-1: Ball
1-1: Swinging Strike
1-2: Foul Ball, location: 9LDF
1-2: Strikes out swinging
Batting: RHB Jarrod Pittman 0-0: Called Strike
0-1: Ball
1-1: SINGLE (Groundball, 4M, EV 105.6 MPH)
Jim Unknown to third
Runner from 3rd tries for Home, SAFE, throw by CF to home
Batting: RHB Jim Unknown 0-0: Ball
1-0: Ground out U3 (Groundball, 3L, EV 105.6 MPH)
Bottom of the 1st over - 1 run, 2 hits, 0 errors, 1 left on base; ACL Kansas City 1 - ACL New York (N) 1
TOP OF THE 2ND
ACL Kansas City Royals batting - Pitching for ACL New York (N) Mets : RHP Jim Unknown
Batting: RHB Jermaine Sullivan 0-0: Called Strike
0-1: Foul Ball, location: 9LSF
0-2: Foul Ball, location: 2F
0-2: Strikes out swinging
Batting: LHB Abdul-Jalil bin Hilel 0-0: SINGLE (Groundball, 34D, EV 105.0 MPH)
Batting: RHB Rob Shelton 0-0: Ball
1-0: Foul Ball, location: 2F
1-1: Called Strike
1-2: Ball
2-2: Ball
Abdul-Jalil bin Hilel steals 2nd base
3-2: Foul Ball, location: 2F
3-2: Strikes out swinging
Batting: RHB Jon Ramey 0-0: Ball
1-0: Called Strike
1-1: Swinging Strike
1-2: SINGLE (Line Drive, 89S, EV 101.9 MPH)
Abdul-Jalil bin Hilel to third
Runner from 3rd tries for Home, SAFE, throw by RF to home
Batting: LHB Sammy Cervantes 0-0: Called Strike
0-1: Ball
1-1: Foul Ball, location: 9LMF
1-2: DOUBLE (Flyball, 78D, EV 95.0 MPH)
Jon Ramey to third
Batting: RHB Tacito Lombardo 0-0: Fly out, F8 (Flyball, 8RM, EV 94.4 MPH)
Top of the 2nd over - 1 run, 3 hits, 0 errors, 2 left on base; ACL Kansas City 2 - ACL New York (N) 1
BOTTOM OF THE 2ND
ACL New York (N) Mets batting - Pitching for ACL Kansas City Royals : LHP Luis López
Batting: SHB Jim Unknown 0-0: Ball
1-0: Swinging Strike
1-1: Ball
2-1: Ball
3-1: TRIPLE (Line Drive, 89XD, EV 97.5 MPH)
Batting: RHB Jim Unknown 0-0: Called Strike
0-1: SINGLE (Line Drive, 3D, EV 103.8 MPH)
Jim Unknown scores
Batting: RHB Jim Unknown 0-0: Sac Bunt to 13S - play at first, batter OUT! 1-3
Jim Unknown to second
Batting: RHB Jim Unknown 0-0: Called Strike
0-1: Ball
1-1: Called Strike
1-2: Foul Ball, location: 2F
1-2: Foul Ball, location: 9LSF
1-2: Strikes out looking
Batting: RHB Jim Unknown 0-0: Foul Ball, location: 23FF
0-1: Ball
1-1: Ground out 6-3 (Groundball, 6, EV 109.4 MPH)
Bottom of the 2nd over - 1 run, 2 hits, 0 errors, 1 left on base; ACL Kansas City 2 - ACL New York (N) 2
TOP OF THE 3RD
ACL Kansas City Royals batting - Pitching for ACL New York (N) Mets : RHP Jim Unknown
Batting: RHB Mike Pruitt 0-0: Ball
1-0: Hit by Pitch
Batting: RHB Dave Hewitt 0-0: Called Strike
0-1: Swinging Strike
0-2: Fly out, F8 (Flyball, 8LM, EV 91.9 MPH)
Batting: LHB Cal Miner 0-0: Ball
Mike Pruitt steals 2nd base
1-0: Ground out 4-3 (Groundball, 4, EV 85.0 MPH)
Mike Pruitt to third
Batting: RHB Jermaine Sullivan 0-0: Ball
1-0: Called Strike
1-1: Ball
2-1: Ball
3-1: Base on Balls
Batting: LHB Abdul-Jalil bin Hilel 0-0: Ball
1-0: SINGLE (Groundball, 34D, EV 103.1 MPH)
Mike Pruitt scores
Jermaine Sullivan to second
Runner from 2nd tries for 3rd, SAFE, throw by RF made to third
Batting: RHB Rob Shelton 0-0: Ball
1-0: Swinging Strike
1-1: Ball
2-1: Called Strike
2-2: Foul Ball, location: 2F
2-2: Ball
Wild Pitch!
Jermaine Sullivan scores
Abdul-Jalil bin Hilel to second
3-2: Strikes out swinging
Top of the 3rd over - 2 runs, 1 hit, 0 errors, 1 left on base; ACL Kansas City 4 - ACL New York (N) 2
BOTTOM OF THE 3RD
ACL New York (N) Mets batting - Pitching for ACL Kansas City Royals : LHP Luis López
Batting: RHB Jim Unknown 0-0: Called Strike
0-1: Fly out, F7 (Flyball, 7LS, EV 92.5 MPH)
Batting: RHB Andy Wooten 0-0: Ball
1-0: Called Strike
1-1: SOLO HOME RUN (Flyball, 89XD, EV 101.9 MPH), Distance : 396 ft
Batting: RHB Jarrod Pittman 0-0: Called Strike
0-1: Swinging Strike
0-2: Ball
1-2: Fly out, F3 (Line Drive, 3, EV 73.8 MPH)
Batting: RHB Jim Unknown 0-0: Ground out 1-3 (Groundball, 25, EV 66.3 MPH)
Bottom of the 3rd over - 1 run, 1 hit, 0 errors, 0 left on base; ACL Kansas City 4 - ACL New York (N) 3
TOP OF THE 4TH
ACL Kansas City Royals batting - Pitching for ACL New York (N) Mets : RHP Jim Unknown
Batting: RHB Jon Ramey 0-0: Ball
1-0: Swinging Strike
1-1: Ball
2-1: Ball
3-1: Base on Balls
Batting: LHB Sammy Cervantes 0-0: Bunt missed!
0-1: Bunt missed!
0-2: Grounds into double play, 3-6-1 (Groundball, 34, EV 105.6 MPH)
Batting: RHB Tacito Lombardo 0-0: Ball
1-0: Ball
2-0: Foul Ball, location: 2F
2-1: Ball
3-1: Fly out, F7 (Line Drive, 78M, EV 84.4 MPH)
Top of the 4th over - 0 runs, 0 hits, 0 errors, 0 left on base; ACL Kansas City 4 - ACL New York (N) 3
BOTTOM OF THE 4TH
ACL New York (N) Mets batting - Pitching for ACL Kansas City Royals : LHP Luis López
DELAY Rain delay of 32 minutes in the 4th inning.
Batting: SHB Jim Unknown 0-0: Ball
1-0: Ball
2-0: Ball
3-0: Base on Balls
Batting: RHB Jim Unknown 0-0: Sac Bunt to 5S - play at first, batter OUT! 5-3
Jim Unknown to second
Batting: RHB Jim Unknown 0-0: Ball
1-0: Ball
Jim Unknown steals 3rd base
2-0: Swinging Strike
2-1: Ball
3-1: Foul Ball, location: 25F
3-2: Base on Balls
Batting: RHB Jim Unknown 0-0: Called Strike
0-1: Swinging Strike
0-2: Foul Ball, location: 5SF
0-2: Fly out, F8 (Flyball, 8LD, EV 100.6 MPH)
Runner from 3rd tags up, SCORES, throw by CF
Batting: RHB Jim Unknown 0-0: Swinging Strike
0-1: Ball
1-1: Called Strike
1-2: Ball
2-2: Foul Ball, location: 3FF
2-2: Foul Ball, location: 5FF
2-2: Foul Ball, location: 2LF
2-2: Strikes out swinging
Bottom of the 4th over - 1 run, 0 hits, 0 errors, 1 left on base; ACL Kansas City 4 - ACL New York (N) 4
TOP OF THE 5TH
ACL Kansas City Royals batting - Pitching for ACL New York (N) Mets : RHP Jim Unknown
Batting: RHB Mike Pruitt 0-0: Called Strike
0-1: Fly out, F8 (Line Drive, 8RS, EV 95.0 MPH)
Batting: RHB Dave Hewitt 0-0: Ball
1-0: Called Strike
1-1: Ball
2-1: Foul Ball, location: 9LMF
2-2: Foul Ball, location: 5FF
2-2: Ball
3-2: Foul Ball, location: 9LMF
3-2: Foul Ball, location: 9LMF
3-2: Foul Ball, location: 9LDF
3-2: SOLO HOME RUN (Flyball, 7LD, EV 97.5 MPH), Distance : 341 ft
Pitching: LHP Jim Unknown
Batting: LHB Cal Miner 0-0: Ball
1-0: Ball
2-0: Fly out, F8 (Line Drive, 8LD, EV 89.4 MPH)
Batting: RHB Jermaine Sullivan 0-0: Ball
1-0: Called Strike
1-1: Ball
2-1: Foul Ball, location: 5DF
2-2: Ball
3-2: Foul Ball, location: 25FF
3-2: Foul Ball, location: 2F
3-2: Base on Balls
Batting: LHB Abdul-Jalil bin Hilel 0-0: Called Strike
0-1: Ball
1-1: Ball
2-1: Fly out, F7 (Flyball, 78M, EV 93.1 MPH)
Top of the 5th over - 1 run, 1 hit, 0 errors, 1 left on base; ACL Kansas City 5 - ACL New York (N) 4
BOTTOM OF THE 5TH
ACL New York (N) Mets batting - Pitching for ACL Kansas City Royals : LHP Luis López
Batting: RHB Jim Unknown 0-0: Called Strike
0-1: Swinging Strike
0-2: Strikes out looking
Batting: RHB Andy Wooten 0-0: Ball
1-0: Ball
2-0: Called Strike
2-1: Ball
3-1: Base on Balls
Pitching: RHP Sergio Gómez
Batting: RHB Jarrod Pittman 0-0: Ball
1-0: Foul Ball, location: 2F
1-1: Ball
2-1: Called Strike
2-2: Strikes out swinging
Batting: RHB Jim Unknown 0-0: Ball
1-0: Ball
2-0: Fielders Choice at 2nd, 5-4 (Groundball, 5, EV 104.4 MPH)
Bottom of the 5th over - 0 runs, 0 hits, 0 errors, 1 left on base; ACL Kansas City 5 - ACL New York (N) 4
TOP OF THE 6TH
ACL Kansas City Royals batting - Pitching for ACL New York (N) Mets : LHP Jim Unknown
Batting: RHB Rob Shelton 0-0: Ball
1-0: Ball
2-0: Foul Ball, location: 9LSF
2-1: Called Strike
2-2: Strikes out looking
Batting: RHB Jon Ramey 0-0: Swinging Strike
0-1: Ball
1-1: Swinging Strike
1-2: Foul Ball, location: 2F
1-2: Strikes out swinging
Batting: LHB Sammy Cervantes 0-0: Hit by Pitch
Batting: RHB Tacito Lombardo 0-0: Ball
1-0: Ball
2-0: Ball
3-0: Called Strike
3-1: Swinging Strike
3-2: Strikes out swinging
Top of the 6th over - 0 runs, 0 hits, 0 errors, 1 left on base; ACL Kansas City 5 - ACL New York (N) 4
BOTTOM OF THE 6TH
ACL New York (N) Mets batting - Pitching for ACL Kansas City Royals : RHP Sergio Gómez
Batting: SHB Jim Unknown 0-0: Ball
1-0: Ball
2-0: Swinging Strike
2-1: Foul Ball, location: 2RF
2-2: Ball
3-2: Strikes out swinging
Batting: RHB Jim Unknown 0-0: Ball
1-0: Swinging Strike
1-1: Ball
2-1: Foul Ball, location: 2F
2-2: Strikes out swinging
Batting: RHB Jim Unknown 0-0: TRIPLE (Line Drive, 9D, EV 108.8 MPH)
Batting: RHB Jim Unknown 0-0: Called Strike
0-1: Ball
1-1: Swinging Strike
1-2: Ball
2-2: Ball
3-2: Foul Ball, location: 2F
3-2: Foul Ball, location: 5F
3-2: Base on Balls
Batting: RHB Jim Unknown 0-0: Ball
1-0: Foul Ball, location: 2F
1-1: Ground out 3-1 (Groundball, 34, EV 76.9 MPH)
Bottom of the 6th over - 0 runs, 1 hit, 0 errors, 2 left on base; ACL Kansas City 5 - ACL New York (N) 4
TOP OF THE 7TH
ACL Kansas City Royals batting - Pitching for ACL New York (N) Mets : LHP Jim Unknown
Batting: RHB Mike Pruitt 0-0: Ball
1-0: SINGLE (Line Drive, 8RS, EV 100.6 MPH)
Batting: RHB Dave Hewitt 0-0: Foul Ball, location: 9LSF
0-1: Ball
1-1: Foul Ball, location: 2F
1-2: Ball
2-2: 2-RUN HOME RUN (Flyball, 7D, EV 95.0 MPH), Distance : 365 ft
Batting: LHB Cal Miner 0-0: Foul Ball, location: 5F
0-1: Foul Ball, location: 5FF
0-2: Ball
1-2: Foul Ball, location: 2F
1-2: Strikes out swinging
Batting: RHB Jermaine Sullivan 0-0: Called Strike
0-1: Called Strike
0-2: Strikes out swinging
Batting: LHB Abdul-Jalil bin Hilel 0-0: Ball
1-0: Called Strike
1-1: Ball
2-1: Called Strike
2-2: Fly out, F8 (Flyball, 8LD, EV 109.4 MPH)
Top of the 7th over - 2 runs, 2 hits, 0 errors, 0 left on base; ACL Kansas City 7 - ACL New York (N) 4
BOTTOM OF THE 7TH
ACL New York (N) Mets batting - Pitching for ACL Kansas City Royals : RHP Sergio Gómez
Batting: RHB Jim Unknown 0-0: Ball
1-0: Ball
2-0: Swinging Strike
2-1: Swinging Strike
2-2: Strikes out swinging
Batting: RHB Andy Wooten 0-0: Called Strike
0-1: Ball
1-1: Ball
2-1: Ball
3-1: Called Strike
3-2: Foul Ball, location: 23FF
3-2: Base on Balls
Batting: RHB Jarrod Pittman 0-0: Called Strike
0-1: Hit by Pitch
Andy Wooten to second
Batting: RHB Jim Unknown 0-0: Called Strike
0-1: Ball
1-1: Swinging Strike
1-2: Hit by Pitch
Andy Wooten to third
Jarrod Pittman to second
Pitching: RHP Trevor Skiffington
Batting: SHB Jim Unknown 0-0: Swinging Strike
0-1: Called Strike
0-2: Foul Ball, location: 7LSF
0-2: Strikes out swinging
Batting: RHB Jim Unknown 0-0: Ball
1-0: Fly out, F8 (Flyball, 8LM, EV 87.5 MPH)
Bottom of the 7th over - 0 runs, 0 hits, 0 errors, 3 left on base; ACL Kansas City 7 - ACL New York (N) 4
TOP OF THE 8TH
ACL Kansas City Royals batting - Pitching for ACL New York (N) Mets : LHP Jim Unknown
Pitching: RHP Jim Unknown
Pinch Hitting: RHB Tony Nieto 0-0: TRIPLE (Flyball, 9D, EV 96.3 MPH)
Batting: RHB Jon Ramey 0-0: Ball
1-0: Called Strike
1-1: Foul Ball, location: 25F
1-2: Ball
2-2: Strikes out looking
Batting: LHB Sammy Cervantes 0-0: Fielders Choice at home, 4-2 (Groundball, 4, EV 101.3 MPH)
Batting: RHB Tacito Lombardo 0-0: Ball
1-0: Swinging Strike
1-1: Swinging Strike
1-2: Strikes out swinging
Top of the 8th over - 0 runs, 1 hit, 0 errors, 1 left on base; ACL Kansas City 7 - ACL New York (N) 4
BOTTOM OF THE 8TH
ACL New York (N) Mets batting - Pitching for ACL Kansas City Royals : RHP Trevor Skiffington
Now in RF: Tony Nieto
Batting: RHB Jim Unknown 0-0: Ball
1-0: Called Strike
1-1: Ball
2-1: Swinging Strike
2-2: Foul Ball, location: 2F
2-2: Foul Ball, location: 9LMF
2-2: Strikes out looking
Batting: RHB Jim Unknown 0-0: Called Strike
0-1: Called Strike
0-2: Ball
1-2: Strikes out swinging
Batting: RHB Jim Unknown 0-0: Foul Ball, location: 9LMF
0-1: Foul Ball, location: 3SF
0-2: Ball
1-2: Strikes out swinging
Bottom of the 8th over - 0 runs, 0 hits, 0 errors, 0 left on base; ACL Kansas City 7 - ACL New York (N) 4
TOP OF THE 9TH
ACL Kansas City Royals batting - Pitching for ACL New York (N) Mets : RHP Jim Unknown
Batting: RHB Mike Pruitt 0-0: Ball
1-0: Ball
2-0: Called Strike
2-1: Ball
3-1: Base on Balls
Batting: RHB Dave Hewitt 0-0: Ball
1-0: Ball
2-0: Ball
3-0: Foul Ball, location: 9LMF
3-1: Fly out, F9 (Flyball, 89D, EV 95.6 MPH)
Batting: LHB Cal Miner 0-0: Ball
1-0: Ball
2-0: Called Strike
2-1: Foul Ball, location: 3SF
2-2: Strikes out swinging
Batting: RHB Jermaine Sullivan 0-0: Ball
1-0: Ball
2-0: Ball
3-0: Called Strike
3-1: Called Strike
3-2: 2-RUN HOME RUN (Flyball, 9LD, EV 90.6 MPH), Distance : 329 ft
Batting: LHB Abdul-Jalil bin Hilel 0-0: Called Strike
0-1: Ball
1-1: Reached on error, E6 (Groundball, 6M, EV 90.6 MPH)
Batting: RHB Tony Nieto 0-0: Called Strike
0-1: Called Strike
Abdul-Jalil bin Hilel steals 2nd base
0-2: Ground out 5-3 (Groundball, 25, EV 81.9 MPH)
Top of the 9th over - 2 runs, 1 hit, 1 error, 1 left on base; ACL Kansas City 9 - ACL New York (N) 4
BOTTOM OF THE 9TH
ACL New York (N) Mets batting - Pitching for ACL Kansas City Royals : RHP Trevor Skiffington
Batting: RHB Jim Unknown 0-0: Called Strike
0-1: Ball
1-1: Foul Ball, location: 5FF
1-2: Ball
2-2: Strikes out swinging
Batting: RHB Andy Wooten 0-0: Foul Ball, location: 2F
0-1: Ground out 4-3 (Groundball, 4, EV 83.1 MPH)
Batting: RHB Jarrod Pittman 0-0: Called Strike
0-1: Foul Ball, location: 23F
0-2: Ball
1-2: Ground out 4-3 (Groundball, 34D, EV 98.1 MPH)
Bottom of the 9th over - 0 runs, 0 hits, 0 errors, 0 left on base; ACL Kansas City 9 - ACL New York (N) 4
Wednesday, May 1st , 2024 - OOTP Baseball 24.10 Build 82